 Dungeon Crawl Stone Soup version 0.26-a0-682-g294304f6e8 (webtiles) character file.

Game seed: 11015558108403899067

58 grandjackal the Slasher (level 3, -2/28 HPs)
             Began as a Demonspawn Gladiator on Oct 22, 2020.
             Slain by a gnoll
             ... wielding a +0 flail
              (10 damage)
             ... on level 3 of the Dungeon.
             The game lasted 00:01:37 (1452 turns).

grandjackal the Slasher (Demonspawn Gladiator)      Turns: 1452, Time: 00:01:38

Health: -2/28      AC:  4    Str: 15    XL:     3   Next: 75%
Magic:  3/3        EV: 13    Int:  9    God:
Gold:   88         SH:  0    Dex: 20    Spells: 2/2 levels left

rFire    . . .     SeeInvis .   a - +0 long sword
rCold    . . .     Faith    +   (no shield)
rNeg     . . .     Spirit   .   b - +0 leather armour
rPois    +         Reflect  .   (helmet restricted)
rElec    .         Harm     .   (no cloak)
rCorr    .         Rampage  .   (no gloves)
MR       .....                  (no boots)
Stlth    ++........             k - amulet of faith
HPRegen  0.09/turn              i - ring of poison resistance
MPRegen  0.08/turn              m - +6 ring of dexterity

@: no status effects
A: horns 1, sharp scales 1
a: no special abilities


You were on level 3 of the Dungeon.
You visited 1 branch of the dungeon, and saw 3 of its levels.

You collected 88 gold pieces.

Inventory:

Hand Weapons
 a - a +0 long sword (weapon)
Missiles
 d - 3 throwing nets (quivered)
 e - 13 poisoned darts
Armour
 b - a +0 leather armour (worn)
Jewellery
 i - a ring of poison resistance (left hand)
 k - an amulet of faith (around neck)
 l - an uncursed ring of resist corrosion
 m - a +6 ring of dexterity (right hand)
Wands
 o - a wand of random effects (25)
Scrolls
 f - a scroll of amnesia {unknown}
 g - 2 scrolls of identify {unknown}
 h - a scroll of remove curse {unknown}
 j - a scroll of teleportation {unknown}
 p - a scroll of magic mapping {unknown}
Potions
 c - a potion of curing {unknown}
 n - a potion of mutation {unknown}


   Skills:
 + Level 2.9 Fighting
 + Level 3.3 Long Blades
 - Level 1.7 Throwing
 + Level 3.2 Dodging


You had 2 spell levels left.
You didn't know any spells.
Your spell library was empty.

Dungeon Overview and Level Annotations

Branches:
Dungeon (3/15)

Altars:
Fedhas


Innate Abilities, Weirdness & Mutations

You have a pair of small horns on your head.
You are partially covered in razor-sharp scales. (AC +1, Slay +1)


Message History

You slash the gnoll!
You kill the gnoll!
You hit the gnoll. Your headbutt misses the gnoll.
The gnoll is moderately wounded.
The gnoll barely misses you.
You riposte.
You hit the gnoll.
The gnoll is severely wounded.
You hit the gnoll but do no damage.
The gnoll is severely wounded.
The gnoll hits you. x2
You closely miss the gnoll.
The gnoll is severely wounded.
The gnoll hits you.
You hit the gnoll.
You kill the gnoll!
You barely miss the gnoll. The gnoll hits you with a +0 flail.
* * * LOW HITPOINT WARNING * * *
You hit the gnoll. Your headbutt misses the gnoll.
The gnoll is moderately wounded.
The gnoll hits you with a +0 flail!
You die...

######### ####.......#
.).#########....####..#
#......g@....####
##.### #..###########
#....## ##.....#
#....... ##.......
#...>..... #.##....<#
#.#....... # #.......


You could see a gnoll.

Vanquished Creatures
  2 gnolls (D:3)
  An adder (D:2)
  A dart slug (D:1)
  2 giant cockroaches (D:2)
  3 hobgoblins
  8 kobolds
  A ball python (D:1)
  4 bats
  A frilled lizard (D:1)
  4 goblins
  3 rats (D:1)
30 creatures vanquished.

Notes
Turn   | Place    | Note
-------+----------+-------------------------------------------
     0 | D:1      | grandjackal the Demonspawn Gladiator began the quest for
                  | the Orb.
     0 | D:1      | Reached XP level 1. HP: 16/16 MP: 1/1
   347 | D:1      | Gained mutation: You are partially covered in razor-sharp
                  | scales. (AC +1, Slay +1) [demonic ancestry]
   347 | D:1      | Reached XP level 2. HP: 22/22 MP: 2/2
   905 | D:2      | Gained mutation: You have a pair of small horns on your
                  | head. [demonic ancestry]
   905 | D:2      | Reached XP level 3. HP: 28/28 MP: 3/3
   955 | D:2      | Found a blossoming altar of Fedhas.
  1452 | D:3      | Slain by a gnoll

Illustrated notes

Levels and vault maps discovered:
D:1:      giann_horns, layout_loops_ring, serial_forest,
          infiniplex_forest_lined_3, infiniplex_forest_lined_4_way,
          infiniplex_forest_clump_curved, infiniplex_forest_straight_2,
          infiniplex_forest_lined_room_3, infiniplex_forest_straight_3,
          minmay_shallow_snake_nest
D:2:      layout_loops_cross, nicolae_overflow_crystal_walls
D:3:      layout_rooms, lightli_temple_of_fire, portal_sewer_entry_f,
          chequers_ecumenical_altar_twisty, grunt_decor_mini_mirrors

Skill      XL: |  1  2 |
---------------+-------+-----
Long Blades    | 3 |  3.3
Dodging        | 3 |  3.2
Fighting       | |  2.9
Throwing       | |  1.7

Action                   || total
-------------------------++-------
Melee: Long sword        ||    77
       Headbutt          ||     2
 Stab: Sleeping          ||     2
Armor: Leather armour    ||    16
Dodge: Dodged            ||    62
       Rpst.: Long sword ||    17

Table legend: (Time is in decaauts)
 A = Elapsed time spent in this place.
 B = Non-inter-level travel time spent in this place.
 C = Inter-level travel time spent in this place.
 D = Time resting spent in this place.
 E = Time spent auto-exploring this place.
 F = Levels seen in this place.
 G = Mean time per level.
                   A        B        C        D        E       F      G
               +--------+--------+--------+--------+--------+-----+--------+
         Total |   1468 |   1430 |     38 |      0 |   1217 |   3 |  489.3 |
       Dungeon |   1468 |   1430 |     38 |      0 |   1217 |   3 |  489.3 |
               +--------+--------+--------+--------+--------+-----+--------+

Top non-repeatable levels by time:
     D:1: 853 daAuts
     D:2: 574 daAuts
     D:3: 40 daAuts
